 Dungeon Crawl Stone Soup version 0.27-a0-1119-gbf574a6a6b (webtiles) character file.

Game seed: 8258819693122977213

1 spiderkeys the Magician (level 1, 0/15 HPs)
             Began as a Djinni Ice Elementalist on May 3, 2021.
             Slain by a jackal (2 damage)
             ... on level 1 of the Dungeon.
             The game lasted 00:00:09 (98 turns).

spiderkeys the Magician (Djinni Ice Elementalist)     Turns: 98, Time: 00:00:10

Health: 0/15       AC:  2    Str:  7    XL:     1   Next: 20%
Gold:   9          EV: 12    Int: 16    God:
                   SH:  0    Dex: 13

rFire    + + .     SeeInvis .   (no weapon)
rCold    x . .     Faith    .   (no shield)
rNeg     . . .     Spirit   .   a - +0 robe
rPois    ∞         Reflect  .   (no helmet)
rElec    .         Harm     .   (no cloak)
rCorr    .         Rampage  .   (no gloves)
Will     .....                  (boots unavailable)
Stlth    ++........             (no amulet)
HPRegen  0.05/turn              (no ring)
MPRegen  0.00/turn              (no ring)

@: flying
A: fire resistance 2, cold vulnerability 1, float, innate caster, hp casting,
extra vitality 1
a: no special abilities


You were on level 1 of the Dungeon.
You visited 1 branch of the dungeon, and saw 1 of its levels.

You collected 9 gold pieces.


Innate Abilities, Weirdness & Mutations

You are immune to poison.
Your flesh is very heat resistant. (rF++)
You are vulnerable to cold. (rC-)
You float through the air rather than walking.
You learn spells naturally, not from books.
Your magical power is your life essence.
You have superior vitality. (+4 HP)


   Skills:
 + Level 0.0 Fighting
 + Level 0.0 Armour
 + Level 2.2 Dodging
 - Level 1.5 Stealth
 * Level 3.6 Spellcasting


You couldn't memorise any spells.
You knew the following spells:

 Your Spells              Type           Power      Damage    Failure   Level
f - Freeze                Ice            56%        1d7       4%          1
m - Metabolic Englaciati  Hex/Ice        7%         N/A       73%         5
o - Ozocubu's Armour      Ice            14%        N/A       12%         3
r - Frozen Ramparts       Ice            28%        1d4       12%         3
X - Hailstorm             Conj/Ice       14%        3d5       36%         4
Your spell library was empty.

Inventory:

Armour
 a - a +0 robe (worn)
Scrolls
 b - a scroll of identify {unknown}

Dungeon Overview and Level Annotations

Branches:
Dungeon (1/15)

Altars:

...♣♣ .... ... ..♣
###### ♣.. #....#
♣..♣# #....##♣.†h# .
####.....# ♣.@♣
♣###..#.....# ♣♣.♣♣
##....#'#######♣..♣
#.....#.......#♣..♣
#.##'##.8.....##..♣#
#.#...#........'...#
'.#.<.#8.⌠.....'...#
#.#...#.....8..'...#
#.#####.8.8...##...#


You could see a jackal.


Message History

🤖 Initializing magus.rc ...
Options error: Delay interrupt name "hungry" not recognised. (~/.crawlrc:4988) ✅ Successfully initialized magus.rc [v1.9.10] Welcome, spiderkeys the Djinni Ice Elementalist.
Will you prevail where others failed? Will you find the Orb of Zot?
Press ? for a list of commands and other information.
Found a staircase leading out of the dungeon.
You begin with the following spells memorised: Freeze, Frozen Ramparts, Ozocubu's Armour, Hailstorm, Metabolic Englaciation.
You reach down and open the door.
There is an open door here.
You reach down and open the door.
Found an escape hatch in the floor.
There is an open door here.
There is an open door here.
b - a scroll labelled ERUOBO VY ELE You now have 9 gold pieces.
You reach down and open the gate.
There is an open gate here.
You reach down and open the door.
There is an open door here.
You reach down and open the door.
There is an open door here.
There is an open gate here.
A jackal comes into view.
A jackal is nearby!
A jackal comes into view.
A jackal comes into view.
The jackal barks! x2
The jackal bites you. 😕 HP[-2]
You take 2 damage, and now have 13/15 hp.
You freeze the jackal.
The jackal barks!
You hear an angry hiss.
The jackal bites you. x2
* * * LOW HITPOINT WARNING * * *
😨 HP[-6]
You take 6 damage, and now have 7/15 hp.
MASSIVE DAMAGE!! (PAUSE)
Casting: Freeze (safe; 4% risk of failure)
Confirm with . or Enter, or press ? or * to list all spells.
Aiming: Freeze (safe; 4% risk of failure)
Press: ? - help, Shift-Dir - straight line, f/p - jackal
Aim: a jackal (lightly wounded)
You freeze the jackal.
* * * LOW HITPOINT WARNING * * *
The jackal closely misses you. The jackal barely misses you.
The jackal bites you.
* * * LOW HITPOINT WARNING * * *
😨 HP[-2]
You take 2 damage, and now have 5/15 hp.
Casting: Freeze (safe; 4% risk of failure)
Confirm with . or Enter, or press ? or * to list all spells.
Aiming: Freeze (safe; 4% risk of failure)
Press: ? - help, Shift-Dir - straight line, f/p - jackal
Aim: a jackal (heavily wounded)
You freeze the jackal.
You kill the jackal!
* * * LOW HITPOINT WARNING * * *
The jackal bites you.
* * * LOW HITPOINT WARNING * * *
😱 HP[-2]
You take 2 damage, and now have 3/15 hp.
Casting: Freeze (safe; 4% risk of failure)
Confirm with . or Enter, or press ? or * to list all spells.
Aiming: Freeze (safe; 4% risk of failure)
Press: ? - help, Shift-Dir - straight line, f - jackal
Aim: a jackal You freeze the jackal.
You kill the jackal!
* * * LOW HITPOINT WARNING * * *
The jackal bites you.
You die...

Action                   || total
-------------------------++-------
 Cast: Freeze            ||     4
Dodge: Dodged            ||     2

Levels and vault maps discovered:
D:1:      sevenhm_arrival_forest_fort_large_3, layout_basic

Notes
Turn   | Place    | Note
-------+----------+-------------------------------------------
     0 | D:1      | spiderkeys the Djinni Ice Elementalist began the quest for
                  | the Orb.
     0 | D:1      | Reached XP level 1. HP: 15/15 MP: 0/0
     0 | D:1      | magus.rc [v1.9.10]
    97 | D:1      | HP: 3/15 [jackal (1)]
    98 | D:1      | Slain by a jackal

Vanquished Creatures
  2 jackals (D:1)
2 creatures vanquished.

Table legend:
 A = Non-vault XP
 B = Vault XP
 C = Vault XP percentage of total XP
 D = Non-vault monster count
 E = Vault monster count
 F = Vault count percentage of total count
                 A         B        C        D         E       F
            +---------+---------+-------+---------+---------+-------
      Total |       4 |       0 |   0.0 |       2 |       0 |   0.0
            +---------+---------+-------+---------+---------+-------
        D:1 |       4 |       0 |   0.0 |       2 |       0 |   0.0
            +---------+---------+-------+---------+---------+-------

Illustrated notes

Table legend:
 A = Kills in this place as a percentage of kills in entire the game.
 B = Kills by you in this place as a percentage of kills by you in the entire game.
 C = Kills by friends in this place as a percentage of kills by friends in the entire game.
 D = Other kills in this place as a percentage of other kills in the entire game.
 E = Experience gained in this place as a percentage of experience gained in the entire game.
 F = Experience gained in this place divided by the number of levels of this place that you have seen.
                   A       B       C       D       E      F
               +-------+-------+-------+-------+-------+----------------------
         Total | 100.0 | 100.0 |   N/A |   N/A | 100.0 |   4.0
       Dungeon | 100.0 | 100.0 |   N/A |   N/A | 100.0 |   4.0
               +-------+-------+-------+-------+-------+----------------------

Table legend: (Time is in decaauts)
 A = Elapsed time spent in this place.
 B = Non-inter-level travel time spent in this place.
 C = Inter-level travel time spent in this place.
 D = Time resting spent in this place.
 E = Time spent auto-exploring this place.
 F = Levels seen in this place.
 G = Mean time per level.
                   A        B        C        D        E       F      G
               +--------+--------+--------+--------+--------+-----+--------+
         Total |     98 |     98 |      0 |      0 |     89 |   1 |   98.0 |
       Dungeon |     98 |     98 |      0 |      0 |     89 |   1 |   98.0 |
               +--------+--------+--------+--------+--------+-----+--------+

Top non-repeatable levels by time:
     D:1: 98 daAuts
